 Dungeon Crawl Stone Soup version 0.25-a0-780-g622e69b31f (webtiles) character file.

Game seed: 2650596625783473452, levelgen mode: deterministic

842 kae the Ruffian (level 7, -3/52 HPs)
             Began as a Grey Draconian Transmuter on Apr 14, 2020.
             Killed by divine providence
             ... invoked by an orc priest
              (12 damage)
             ... on level 4 of the Dungeon.
             The game lasted 00:04:20 (6339 turns).

kae the Ruffian (Grey Draconian Transmuter)         Turns: 6339, Time: 00:04:21

Health: -3/52      AC:  2    Str: 12    XL:     7   Next: 67%
Magic:  10/13      EV: 22    Int: 13    God:
Gold:   278        SH:  0    Dex: 17    Spells: 8/14 levels left

rFire    . . .     SeeInvis .     - Unarmed
rCold    . . .     Gourm    .   (shield currently unavailable)
rNeg     . . .     Faith    .   (armour unavailable)
rPois    x         Spirit   .   (helmet currently unavailable)
rElec    .         Reflect  .   (cloak currently unavailable)
rCorr    .         Harm     .   (gloves currently unavailable)
MR       .....                  (boots currently unavailable)
Stlth    ++........             (no amulet)
HPRegen  0.17/turn              h - -2 ring of strength (curse)
MPRegen  0.13/turn              i - +3 ring of evasion

@: spider-form (expiring)
A: tiny, (walk through water), unfitting armour, AC +11
a: End Transformation


You were on level 4 of the Dungeon.
You were near starving.
You were a venomous arachnid creature.
You visited 1 branch of the dungeon, and saw 4 of its levels.

You collected 278 gold pieces.

Inventory:

Missiles
 a - 12 arrows
Jewellery
 h - a cursed -2 ring of strength (left front leg)
 i - a +3 ring of evasion (right front leg)
 l - an uncursed ring of protection from cold
 p - an uncursed ring of protection from cold
Scrolls
 b - 4 scrolls of teleportation
 f - a scroll of immolation
 g - 3 scrolls of remove curse
 j - a scroll of amnesia
 n - 3 scrolls of fear
Potions
 d - a potion of stabbing
 e - a potion of lignification
 k - 2 potions of ambrosia
 m - a potion of might
Comestibles
 c - 8 rations


   Skills:
 - Level 1.1 Fighting
 - Level 1.7 Dodging
 * Level 6.8 Unarmed Combat
 + Level 4.4 Spellcasting
 + Level 4.6 Transmutations


You had 8 spell levels left.
You knew the following spells:

 Your Spells              Type           Power        Failure   Level  Hunger
a - Beastly Appendage     Tmut           ##....       11%         1    None
b - Sticks to Snakes      Tmut           ##......     13%         2    ##.....
c - Spider Form           Tmut/Pois      #.........   43%         3    ###....

Your spell library contained the following spells:

 Spells                   Type           Power        Failure   Level  Hunger
 Ice Form                 Ice/Tmut       #.......     78%         4    ####...
 Blade Hands              Tmut           ##........   82%         5    ######.


Dungeon Overview and Level Annotations

Branches:
Dungeon (4/15)
 Temple: D:4-7

Altars:
Ashenzari
Kikubaaqudgha
Trog
Xom
Zin


Innate Abilities, Weirdness & Mutations

((You can walk through water.))
((Your dull iron-grey scales are very hard. (AC +11)))
You cannot fit into any form of body armour.
((You can survive without breathing.))
((You are cold-blooded and may be slowed by cold attacks.))


Message History

You hit the orc wizard but do no damage.
The orc wizard looks as sick as possible!
The orc wizard is almost dead.
Your transformation is almost over.
The orc wizard barely misses you.
You hit the orc wizard but do no damage.
The orc wizard looks as sick as possible!
The orc wizard is almost dead.
The orc wizard completely misses you.
The orc priest begins to cast a cantrip, but forgets the words!
The orc wizard points at you and mumbles some strange words.
The magic dart hits you!
* * * LOW HITPOINT WARNING * * *
You hit the orc wizard.
You kill the orc wizard!
You hit the orc priest.
The orc priest is poisoned.
The orc priest is moderately wounded.
The orc priest calls down the wrath of Beogh upon you.
Beogh smites you!
You die...

#.# ##..........
###.###...........
#.................
#.#...............
#.##..............
#.#...............
#.##............<.
#.###.............
#s# ##..........>.
#o# ##...........
#o#### #..........
#oo..# ##.........
#..Z.# ##........
#....# ##.......
#....# #.......
#....# #.#.....
#....# #.######


You could see an orc priest and 3 orcs.

Vanquished Creatures
  A phantom (D:4)
  An ogre (D:4)
  A hound (D:4)
  4 orc priests
  4 orc wizards
  A gnoll shaman (D:4)
  Ijyb (D:3)
  Terence (D:3)
  3 worker ants (D:4)
  A hound skeleton (D:4)
  3 gnolls (D:4)
  12 adders
  4 oozes
  An adder skeleton (D:4)
  A worm (D:2)
  4 leopard geckos
  13 orcs
  A ball python (D:2)
  9 bats
  5 giant cockroaches
  8 goblins
  11 hobgoblins
  8 kobolds
  2 quokkas
  2 frilled lizards (D:2)
  9 rats
111 creatures vanquished.

Notes
Turn   | Place    | Note
-------+----------+-------------------------------------------
     0 | D:1      | kae the Draconian Transmuter began the quest for the Orb.
     0 | D:1      | Reached XP level 1. HP: 16/16 MP: 3/3
   334 | D:1      | Reached XP level 2. HP: 18/23 MP: 5/5
   698 | D:1      | Reached XP level 3. HP: 18/28 MP: 4/6
  1475 | D:1      | Learned a level 2 spell: Sticks to Snakes
  1479 | D:1      | Learned a level 3 spell: Spider Form
  1827 | D:1      | Reached skill level 4 in Unarmed Combat
  1827 | D:1      | Reached XP level 4. HP: 8/35 MP: 4/7
  2376 | D:2      | Reached XP level 5. HP: 35/40 MP: 7/9
  3375 | D:3      | Reached skill level 5 in Unarmed Combat
  3643 | D:3      | Noticed Ijyb
  3657 | D:3      | Killed Ijyb
  3839 | D:3      | Found a shimmering altar of Xom.
  3851 | D:3      | Reached XP level 6. HP: 46/47 MP: 6/11
  4515 | D:3      | Found a shattered altar of Ashenzari.
  4516 | D:3      | Found an ancient bone altar of Kikubaaqudgha.
  4569 | D:3      | Found a bloodstained altar of Trog.
  4571 | D:3      | Found a glowing silver altar of Zin.
  4575 | D:3      | Noticed Terence
  4630 | D:3      | Killed Terence
  5049 | D:4      | Reached skill level 6 in Unarmed Combat
  5072 | D:4      | Your scales start taking on a dull iron-grey colour.
  5072 | D:4      | Reached XP level 7. HP: 40/52 MP: 4/12
  5072 | D:4      | Gained mutation: You can survive without breathing. [Grey
                  | Draconian growth]
  5353 | D:4      | HP: 1/52 [gnoll/+0 halberd (10)]
  6339 | D:4      | Killed from afar by an orc priest

Levels and vault maps discovered:
D:1:      scummos_arrival_checkerplants, layout_basic, serial_bayou_pond_e,
          hangedman_decor_lopped
D:2:      layout_loops_ring, serial_park_tiny_2
D:3:      layout_basic, old_standard_altar,
          chequers_temple_overflow_statue_of_worship,
          gammafunk_temple_overflow_pools, nicolae_underground_beach,
          uniq_terence, uniq_ijyb
D:4:      layout_basic, first_ration, minmay_misc_feat_tiny

Skill      XL: |  1  2  3  4  5  6  7 |
---------------+----------------------+-----
Unarmed Combat | 4 5 6 |  6.8
Transmutations | 3 4 |  4.6
Spellcasting   | 3 4 |  4.4
Fighting       | |  1.1
Dodging        | |  1.7

Action                   |  1- 3 |  4- 6 |  7- 9 || total
-------------------------+-------+-------+-------++-------
Melee: Unarmed           |    94 |   265 |    84 ||   443
       Tailslap          |     6 |    11 |     8 ||    25
       Kick              |     5 |     3 |     2 ||    10
       Headbutt          |     1 |     6 |     2 ||     9
       Punch             |       |     3 |     2 ||     5
 Cast: Beastly Appendage |    16 |    15 |     4 ||    35
       Spider Form       |     1 |    13 |     3 ||    17
  Use: Scroll            |     4 |     5 |     1 ||    10
       Potion            |       |     1 |     2 ||     3
  Eat: Chunk             |     1 |    12 |     3 ||    16
       Ration            |     1 |       |       ||     1
Armor: Skin              |    31 |    57 |    18 ||   106
Dodge: Dodged            |    70 |   217 |    65 ||   352

Table legend:
 A = Non-vault XP
 B = Vault XP
 C = Vault XP percentage of total XP
 D = Non-vault monster count
 E = Vault monster count
 F = Vault count percentage of total count
                 A         B        C        D         E       F
            +---------+---------+-------+---------+---------+-------
      Total |    1132 |      72 |   6.0 |     109 |       2 |   1.8
            +---------+---------+-------+---------+---------+-------
        D:1 |      93 |       0 |   0.0 |      28 |       0 |   0.0
        D:2 |     196 |       0 |   0.0 |      29 |       0 |   0.0
        D:3 |     254 |      72 |  22.1 |      31 |       2 |   6.1
        D:4 |     589 |       0 |   0.0 |      21 |       0 |   0.0
            +---------+---------+-------+---------+---------+-------
